 Dungeon Crawl Stone Soup version 0.30-a0-137-gd8773701ce (webtiles) character file.

Game seed: 787576479867862330

96 testman the Cudgeller (level 4, -2/45 HPs)
             Began as a Troll Berserker on Sept 21, 2022.
             Was a Believer of Trog.
             Slain by Grinder (6 damage)
             ... on level 3 of the Dungeon.
             The game lasted 00:03:55 (2303 turns).

testman the Cudgeller (Troll Berserker)             Turns: 2303, Time: 00:03:56

Health: -2/45      AC:  4    Str: 27    XL:     4   Next: 41%
Magic:  3/3        EV: 10    Int:  3    God:    Trog [**....]
Gold:   97         SH:  0    Dex:  9    Spells: 3/3 levels left

rFire   . . .      SeeInvis .    a - +0 mace
rCold   . . .      Faith    .    (no shield)
rNeg    . . .      Spirit   .    b - +0 animal skin
rPois   .          Reflect  .    (helmet restricted)
rElec   .          Harm     .    (no cloak)
rCorr   .          Rampage  .    (gloves unavailable)
Will    .....                    (boots unavailable)
Stlth   +.........               (no amulet)
HPRegen 0.95/turn                (no ring)
MPRegen 0.08/turn                (no ring)

@: no status effects
A: large, unfitting armour, claws 3, regeneration 1, shaggy fur 1, tough skin 1
a: Renounce Religion, Berserk, Trog's Hand


You were on level 3 of the Dungeon.
You worshipped Trog.
Trog was pleased with you.
You visited 1 branch of the dungeon, and saw 3 of its levels.

You collected 97 gold pieces.

Inventory:

Hand Weapons
 a - a +0 mace (weapon)
Missiles
 k - 3 javelins (quivered)
 l - a throwing net
Armour
 b - a +0 animal skin (worn)
Wands
 o - a wand of quicksilver (11)
Scrolls
 c - 2 scrolls of identify {unknown}
 d - a scroll of amnesia {unknown}
 f - a scroll of immolation {unknown}
 i - 4 scrolls of blinking {unknown}
 m - a scroll of magic mapping {unknown}
 p - 2 scrolls of poison {unknown}
 q - a scroll of fog {unknown}
 r - a scroll of noise {unknown}
Potions
 e - a potion of cancellation {unknown}
 g - a potion of curing {unknown}
 h - a potion of ambrosia {unknown}
 j - a potion of attraction {unknown}
 n - 2 potions of might


   Skills:
 + Level 3.2 Fighting
 + Level 3.6 Maces & Flails
 + Level 1.6 Throwing
 - Level 2.4 Dodging


You had 3 spell levels left.
You didn't know any spells.
Your spell library was empty.

Dungeon Overview and Level Annotations

Branches:
Dungeon (3/15)

Altars:

Shops:
D:1 [

Annotations:
D:3 Grinder


Innate Abilities, Weirdness & Mutations

You are too large for most types of armour.
You have claws for hands.
Your natural rate of healing is unusually fast.
You are covered in fur. (AC +1)
You have tough skin. (AC +1)


Message History

You hit Grinder.
Grinder is heavily wounded.
Grinder gestures at you.
You barely resist. You closely miss Grinder.
Grinder is heavily wounded.
Grinder closely misses you.
You hit Grinder.
Grinder is severely wounded.
Grinder hits you.
You barely miss Grinder.
Grinder is severely wounded.
Grinder hits you.
Grinder blinks!
Grinder hits you but does no damage.
You thump Grinder!
Grinder is almost dead.
Grinder no longer looks unusually strong.
Grinder hits you!
You writhe in agony.
You are too injured to fight recklessly!
You are too injured to fight recklessly!
You are too injured to fight recklessly!
You closely miss Grinder.
Grinder is almost dead.
Grinder blinks!
You hit Grinder but do no damage.
Grinder is almost dead.
Grinder hits you.
You writhe in agony.
* * * LOW HITPOINT WARNING * * *
You closely miss Grinder.
Grinder is almost dead.
Grinder hits you.
* * * LOW HITPOINT WARNING * * *
You writhe in agony.
* * * LOW HITPOINT WARNING * * *
You barely miss Grinder.
Grinder is almost dead.
Grinder hits you.
* * * LOW HITPOINT WARNING * * *
You writhe in agony.
You die...

#.#.......###
#.#(..(................
..(...######.#..##....
....... ............
.....######.#########
...$.. ......# # #...#
###.##.# # #$..#
#.##.### #
#.@.#####.##...# #
#.5....##.##...# #
#..###.##.##...# # #$.#
#.......### ## #..#
####.#..## #. #..#
#.....####. #..#
##.#....... #..#
<........>... #..#
####.#.......


You could see Grinder.

Vanquished Creatures
  A howler monkey (D:2)
  2 adders
  A worm (D:2)
  3 endoplasms (D:2)
  A giant cockroach (D:2)
  4 goblins
  5 hobgoblins
  3 kobolds
  A quokka (D:1)
  2 ball pythons (D:2)
  8 bats
  2 frilled lizards (D:2)
  3 rats
36 creatures vanquished.

Notes
Turn   | Place    | Note
-------+----------+-------------------------------------------
     0 | D:1      | testman the Troll Berserker began the quest for the Orb.
     0 | D:1      | Reached XP level 1. HP: 22/22 MP: 0/0
   262 | D:1      | Found Hinuh's Antique Armour Emporium.
   368 | D:1      | Found a faded altar of an unknown god.
   431 | D:1      | Reached XP level 2. HP: 29/29 MP: 1/1
  1039 | D:2      | Noticed a howler monkey
  1044 | D:2      | Killed a howler monkey
  1045 | D:2      | Reached skill level 1 in Throwing
  1045 | D:2      | Reached XP level 3. HP: 37/37 MP: 2/2
  1047 | D:2      | Reached XP level 4. HP: 45/45 MP: 3/3
  2122 | D:3      | Reached ** piety under Trog
  2273 | D:3      | Noticed Grinder
  2303 | D:3      | Slain by Grinder

Illustrated notes

Levels and vault maps discovered:
D:1:      amcnicky_arrival_choice, layout_basic,
          hellmonk_ecumenical_altar_inner_sanctum, serial_shops, shop_statue,
          minmay_misc_feat_rows
D:2:      layout_basic
D:3:      layout_basic, uniq_grinder

Skill      XL: |  1  2 |
---------------+-------+-----
Maces & Flails | 3 |  3.6
Fighting       | 3 |  3.2
Throwing       | 1 |  1.6
Dodging        | |  2.4

Action                   |  1- 3 |  4- 6 || total
-------------------------+-------+-------++-------
Melee: Mace              |    57 |    73 ||   130
Throw: Javelin           |       |     3 ||     3
Invok: Berserk           |     1 |       ||     1
 Stab: Sleeping          |       |     1 ||     1
Armor: Animal skin       |    21 |    29 ||    50
Dodge: Dodged            |    26 |    36 ||    62

Table legend: (Time is in decaauts)
 A = Elapsed time spent in this place.
 B = Non-inter-level travel time spent in this place.
 C = Inter-level travel time spent in this place.
 D = Time resting spent in this place.
 E = Time spent auto-exploring this place.
 F = Levels seen in this place.
 G = Mean time per level.
                   A        B        C        D        E       F      G
               +--------+--------+--------+--------+--------+-----+--------+
         Total |   2339 |   2297 |     42 |      7 |   1983 |   3 |  779.7 |
       Dungeon |   2339 |   2297 |     42 |      7 |   1983 |   3 |  779.7 |
               +--------+--------+--------+--------+--------+-----+--------+

Top non-repeatable levels by time:
     D:2: 1148 daAuts
     D:1: 897 daAuts
     D:3: 292 daAuts
